 Dungeon Crawl Stone Soup version 0.20-a0-1124-g2e29d97 (webtiles) character file.

2186 MydosGodOfBeginnings the Basher (level 9, -3/63 HPs)
             Began as a Mummy Fighter on May 16, 2017.
             Slain by Ratty's ghost (6 damage)
             ... on level 6 of the Dungeon.
             The game lasted 00:25:58 (6534 turns).

MydosGodOfBeginnings the Basher (Mummy Fighter)     Turns: 6534, Time: 00:25:59

Health: -3/63      AC: 10    Str: 20    XL:     9   Next: 11%
Magic:  10/10      EV: 13    Int: 10    God:
Gold:   311        SH: 13    Dex: 11    Spells: 8/8 levels left

rFire    x . .     SeeInvis .   a - +0 flail
rCold    + + .     Gourm    .   c - +1 shield
rNeg     + + +     Faith    .   b - +0 scale mail
rPois    ∞         Spirit   .   (no helmet)
rElec    .         Reflect  +   r - scarf {repulsion}
rCorr    .         Harm     .   j - +0 pair of gloves (curse)
MR       +....                  e - +2 pair of boots {Stlth+}
Stlth    +.........             m - +4 amulet of reflection
Regen    0.2/turn               i - ring of protection from cold
MPRegen  0.2/turn               w - +6 ring of evasion

@: repel missiles
A: no food or potions, fire vulnerability, cold resistance 1, negative energy
resistance 3, torment resistance, unbreathing
a: no special abilities


You were on level 6 of the Dungeon.
You were not hungry.

You visited 2 branches of the dungeon, and saw 7 of its levels.
You also visited: Ossuary.

You collected 311 gold pieces.

Inventory:

Hand Weapons
 a - a +0 flail (weapon)
 l - a +1 mace of protection
Armour
 b - a +0 scale mail (worn)
 c - a +1 shield (worn)
 e - a +2 pair of boots of stealth (worn)
 j - a cursed +0 pair of gloves (worn)
 r - a scarf of repulsion (worn)
Jewellery
 f - an uncursed ring of flight
 i - a ring of protection from cold (left hand)
 m - a +4 amulet of reflection (around neck)
 w - a +6 ring of evasion (right hand)
Wands
 n - a wand of iceblast (2/15)
 o - a wand of flame (23/48)
 p - a wand of random effects (0/48)
 q - a wand of random effects (0/48)
 s - a wand of lightning (3/15)
Scrolls
 d - 5 scrolls of identify
 g - a scroll of immolation
 h - 2 scrolls of enchant armour
 k - a scroll of magic mapping {unknown}
 u - a scroll of recharging
 v - a scroll of teleportation {unknown}
Books
 t - a book of Callings

   Spells                             Type                      Level
   a - Summon Small Mammal            Summoning                    1
   b - Call Imp                       Summoning                    2
   c - Call Canine Familiar           Summoning                    3
   d - Summon Guardian Golem          Hexes/Summoning              3
   e - Summon Lightning Spire         Summoning/Air                4
   f - Summon Ice Beast               Ice/Summoning                4


   Skills:
 - Level 3.0 Fighting
 * Level 10.1 Maces & Flails
 - Level 2.4 Armour
 - Level 2.4 Shields
 + Level 1.5 Evocations


You had 8 spell levels left.
You didn't know any spells.

Dungeon Overview and Level Annotations

Branches:
Dungeon (6/15)             Temple (1/1) D:5

Altars:
Ashenzari
Cheibriados
Dithmenos
Fedhas
Gozag
Hepliaklqana
Makhleb
Nemelex Xobeh
Sif Muna
Trog
Uskayaw
Vehumet
Wu Jian
Xom
Yredelemnul
Zin
The Shining One

Annotations:
D:6 Ratty's ghost, novice MiBe


Innate Abilities, Weirdness & Mutations

You do not eat or drink.
Your flesh is vulnerable to fire.
You are immune to poison.
Your flesh is cold resistant. (rC+)
You are immune to negative energy. (rN+++)
You are immune to unholy pain and torment.
You can survive without breathing.


Message History

Ratty's ghost is moderately damaged.
Ratty's ghost hits you! Ratty's ghost burns you.
You thump Ratty's ghost!
Ratty's ghost is heavily damaged.
You block Ratty's ghost's attack.
You hit Ratty's ghost but do no damage.
Ratty's ghost is heavily damaged.
Ratty's ghost shouts, "You will join me soon!"
Ratty's ghost misses you.
You hit Ratty's ghost but do no damage.
Ratty's ghost is heavily damaged.
Ratty's ghost hits you. Ratty's ghost burns you.
You hit Ratty's ghost but do no damage.
Ratty's ghost is heavily damaged.
Ratty's ghost hits you! Ratty's ghost burns you!
* * * LOW HITPOINT WARNING * * *
Ratty's ghost hits you!
* * * LOW HITPOINT WARNING * * *
Ratty's ghost burns you.
You die...

#................#P≈P≈≈≈≈....≈≈♣#
#.####.#...........♣≈P≈≈P...≈≈≈♣
#.# #.###.#........≈≈≈≈≈....≈♣#
..####.###.#........≈≈≈≈≈≈...≈###
P.#.....##.#.#.###.#♣≈PP≈P.......
≈≈......##.#.#.# #.#♣≈≈≈≈♣.......
≈PP........#.#.###.#.♣≈P≈♣.......
♣≈P..##'##.#)#.#.W...≈≈≈P♣.......
P≈...#...#.(...#@.....PPP..>.....
≈≈...#...#).#..'.......≈##.......
PP#..#...#.##.##.............####
P.##.#####.##.##.[...........#
#.##.....(.#####'######......#
#(##........##♣...♣# #......#
.....PP≈....##.....#####.....#
....≈≈P(♣.!.##♣...♣##........#
.....≈≈≈....##.....#####....##


You could see Ratty's ghost.

Vanquished Creatures
  Grinder (D:4)
  The ghost of Shinoi the Conjurer, an amateur OpCj (D:5)
  Eustachio (D:5)
  An orc warrior (D:4)
  An ice beast (D:5)
  3 ogres
  A centaur (D:6)
  2 water moccasin zombies (Ossuary)
  A scorpion (D:6)
  A howler monkey (D:6)
  An electric eel (D:6)
  A jelly (D:6)
  3 crimson imps (D:5)
  A bullfrog skeleton (D:5)
  2 orc wizards (D:4)
  5 orc priests
  A hound (D:5)
  3 iguanas
  Natasha (thrice) (D:4)
  2 worker ants
  4 big kobold zombies (Ossuary)
  2 mummies (Ossuary)
  7 adders
  2 oozes
  2 adder zombies (Ossuary)
  4 worms
  An adder skeleton (D:4)
  2 leopard geckos
  23 orcs
  6 giant cockroaches
  3 gnoll zombies (Ossuary)
  8 goblins
  7 hobgoblins
  9 jackals
  7 kobolds
  A ball python (D:4)
  10 bats
  4 frilled lizards
  5 hobgoblin zombies (Ossuary)
  2 jackal skeletons
  4 kobold zombies (Ossuary)
  A leopard gecko skeleton (D:4)
  3 orc zombies (Ossuary)
  7 rats
  A spectral orc (D:4)
160 creatures vanquished.

Notes
Turn   | Place    | Note
-------+----------+-------------------------------------------
     0 | D:1      | MydosGodOfBeginnings the Mummy Fighter began the quest for the Orb.
     0 | D:1      | Reached XP level 1. HP: 18/18 MP: 1/1
    19 | D:1      | Reached skill level 2 in Maces & Flails
    31 | D:1      | Reached XP level 2. HP: 24/24 MP: 2/2
   573 | D:2      | Reached XP level 3. HP: 29/29 MP: 3/3
   607 | D:2      | Reached skill level 3 in Maces & Flails
  1207 | D:2      | Reached XP level 4. HP: 35/35 MP: 4/4
  1532 | D:3      | Found a sparkling altar of Nemelex Xobeh.
  1676 | D:3      | Reached skill level 4 in Maces & Flails
  1838 | D:3      | Reached XP level 5. HP: 35/41 MP: 5/5
  1893 | D:3      | You fall through a shaft for 2 floors!
  1893 | D:5      | Entered Level 5 of the Dungeon
  1898 | D:5      | Found a hazy altar of Hepliaklqana.
  1954 | D:5      | Noticed Shinoi's ghost (amateur OpCj)
  2033 | D:4      | Reached skill level 5 in Maces & Flails
  2470 | D:4      | Noticed Natasha
  2879 | D:4      | Reached XP level 6. HP: 47/47 MP: 6/6
  3425 | D:4      | Killed Natasha
  3427 | D:4      | Noticed Grinder
  3447 | D:4      | Found a basalt altar of Yredelemnul.
  3473 | D:4      | Paralysed by Grinder for 5 turns
  3486 | D:4      | Paralysed by Grinder for 7 turns
  3494 | D:4      | Killed Grinder
  3494 | D:4      | Reached skill level 6 in Maces & Flails
  3494 | D:4      | Reached XP level 7. HP: 29/52 MP: 7/7
  3800 | D:4      | Noticed Natasha
  3803 | D:4      | Killed Natasha
  3907 | D:4      | Noticed Natasha
  3911 | D:4      | Killed Natasha
  3962 | D:5      | Reached skill level 7 in Maces & Flails
  3970 | D:5      | Noticed Eustachio
  3994 | D:5      | Killed Eustachio
  4305 | D:5      | Found a staircase to the Ecumenical Temple.
  4307 | D:5      | Reached XP level 8. HP: 58/58 MP: 8/8
  4312 | Temple   | Entered the Ecumenical Temple
  4620 | D:5      | Reached skill level 8 in Maces & Flails
  4629 | D:5      | Found a shattered altar of Ashenzari.
  5154 | D:5      | Killed Shinoi's ghost
  5207 | D:5      | Reached skill level 1 in Evocations
  5325 | D:6      | Found a hide-covered altar of Uskayaw.
  5357 | D:6      | Noticed Ratty's ghost (novice MiBe)
  5419 | D:6      | Reached skill level 9 in Maces & Flails
  5506 | D:6      | Found a sand-covered staircase.
  5511 | Ossuary  | Entered an ossuary
  5805 | D:6      | Reached XP level 9. HP: 60/63 MP: 10/10
  5839 | D:6      | Reached skill level 10 in Maces & Flails
  6054 | D:6      | Found a glowing golden altar of the Shining One.
  6241 | D:6      | Found a glowing golden altar of the Shining One.
  6534 | D:6      | HP: 3/63 [Ratty's ghost (8)]
  6534 | D:6      | Slain by Ratty's ghost

Vault maps used:
D:1:      minmay_arrival_diagonal_passages, bh_walls_and_bars
D:3:      lemuel_coloured_pillars_altar, first_bread
D:4:      yredelemnul_forgotten_temple_becter, kennysheep_generic_room_12,
          uniq_grinder, uniq_natasha
D:5:      nicolae_overflow_hidden_temple, kennysheep_little_box,
          minmay_temple_entry_overgrown, minivault_5, kennysheep_generic_room_7,
          uniq_eustachio
D:6:      lemuel_crystal_altar, lemuel_doored_altar, serial_bayou,
          serial_bayou_pond_e, serial_bayou_pond_c, serial_bayou_shore_a,
          serial_bayou_pond_e, serial_bayou_ford_a, enter_ossuary_2, tso_altar
Temple:   minmay_temple_curvy_loop
Ossuary:  ossuary_tomb_2

Skill      XL: |  1  2  3  4  5  6  7  8  9 |
---------------+----------------------------+-----
Maces & Flails | 2 3 4 5 6 7 9 10 | 10.1
Evocations     | 1 |  1.5
Fighting       | |  3.0
Armour         | |  2.4
Shields        | |  2.4

Action                   |  1- 3 |  4- 6 |  7- 9 || total
-------------------------+-------+-------+-------++-------
Melee: Flail             |   161 |   234 |   336 ||   731
Evoke: Wand              |       |       |    22 ||    22
  Use: Scroll            |       |       |     7 ||     7
 Stab: Held in net/web   |       |       |     2 ||     2
       Confused          |       |       |     1 ||     1
Armor: Scale mail        |    91 |   119 |   113 ||   323
Dodge: Dodged            |    61 |    71 |    76 ||   208
Block: Shield            |    91 |   115 |   190 ||   396
       Reflection        |       |       |     1 ||     1
